 Dungeon Crawl Stone Soup version 0.27-a0-1154-gfdeffcb720 (webtiles) character file.

Game seed: 7527141535973590204

39242 leviel the Severer (level 13, 0/157 (183) HPs)
             Began as a Minotaur Fighter on May 14, 2021.
             Was an Initiate of Gozag.
             Slain by a yak (8 damage)
             ... on level 5 of the Lair of Beasts.
             The game lasted 00:36:00 (26486 turns).

leviel the Severer (Minotaur Fighter)              Turns: 26486, Time: 00:36:07

HP:   0/157 (183)   AC: 30    Str: 26    XL:     13   Next: 68%
MP:   12/12         EV:  2    Int:  5    God:    Gozag
Gold: 796           SH: 13    Dex: 10    Spells: 12/12 levels left

rFire    + + .     SeeInvis .   a - +2 war axe
rCold    + . .     Faith    .   c - +0 kite shield
rNeg     + + +     Spirit   .   (armour currently unavailable)
rPois    +         Reflect  .   (helmet currently unavailable)
rElec    +         Harm     .   (cloak currently unavailable)
rCorr    +         Rampage  .   (gloves currently unavailable)
Will     .....     NoTele   +   (boots currently unavailable)
Stlth    +.........             (no amulet)
HPRegen  0.36/turn              f - ring of protection from fire
MPRegen  0.13/turn              w - +4 ring of protection

@: mighty, tree-form, resistant, gold aura, hasted and slowed, heavily drained
A: stationary, stasis, torment immunity, boosted hp, (horns 2), (retaliatory
headbutt)
a: End Transformation, Renounce Religion, Potion Petition, Call Merchant, Bribe
Branch


You were on level 5 of the Lair of Beasts.
You worshipped Gozag.
Gozag was pleased with you.
You were a tree.
You visited 3 branches of the dungeon, and saw 20 of its levels.

You collected 3571 gold pieces.
You paid 2775 gold pieces to Gozag.

Inventory:

Hand Weapons
 a - a +2 war axe (weapon)
 l - a +6 demon trident
 O - a +2 flail of draining
Armour
 c - a +0 kite shield (worn)
 h - a +2 cloak (melded)
 m - a +0 buckler
 n - a +0 pair of boots (melded)
 A - a +1 plate armour (melded)
Jewellery
 f - a ring of protection from fire (left branch)
 j - a ring of ice
 q - a +6 ring of intelligence
 r - a ring of flight
 v - a ring of fire
 w - a +4 ring of protection (right branch)
 z - a ring of willpower
 P - a ring of protection from cold
Wands
 d - a wand of mindburst (10)
 i - a wand of polymorph (10)
 k - a wand of paralysis (8)
 t - a wand of flame (32)
 y - a wand of iceblast (14)
 B - a wand of digging (5)
 C - a wand of charming (3) (quivered)
 E - a wand of acid (19)
Scrolls
 e - 5 scrolls of teleportation
 p - 4 scrolls of noise
 u - 2 scrolls of silence
 F - 2 scrolls of immolation
 K - a scroll of fog
 L - 4 scrolls of identify {@r1}
 Q - a scroll of blinking
Potions
 b - 2 potions of magic
 g - a potion of cancellation
 o - 5 potions of mutation
 s - 4 potions of berserk rage
 H - 3 potions of brilliance
 I - a potion of heal wounds
 J - a potion of attraction
 M - a potion of lignification
 R - a potion of ambrosia
Miscellaneous
 D - a lightning rod (4/4)
 G - a tin of tremorstones (2/2)


   Skills:
 + Level 13.4 Fighting
 - Level 16.0 Axes
 + Level 2.1(11.0) Polearms
 + Level 13.5 Armour
 + Level 13.4 Shields


You had 12 spell levels left.
You didn't know any spells.
Your spell library contained the following spells:

 Spells                   Type           Power      Damage    Failure   Level
 Animate Skeleton         Necr           0%         N/A       54%         1
 Apportation              Tloc           0%         N/A       54%         1
 Beastly Appendage        Tmut           0%         N/A       54%         1
 Corona                   Hex            0%         N/A       54%         1
 Freeze                   Ice            0%         1d3       54%         1
 Sandblast                Erth           0%         2d4       54%         1
 Summon Small Mammal      Summ           0%         N/A       54%         1
 Passwall                 Tmut/Erth      0%         N/A       67%         2
 Poisonous Vapours        Pois/Air       0%         N/A       67%         2
 Wereblood                Tmut           0%         N/A       67%         2
 Conjure Flame            Conj/Fire      0%         6-21      88%         3
 Frozen Ramparts          Ice            0%         1d2       88%         3
 Mephitic Cloud           Conj/Pois/Air  0%         N/A       88%         3
 Ozocubu's Armour         Ice            0%         N/A       88%         3
 Spider Form              Tmut/Pois      0%         N/A       88%         3
 Stone Arrow              Conj/Erth      0%         3d7       88%         3
 Hailstorm                Conj/Ice       0%         3d3       99%         4
 Ice Form                 Ice/Tmut       0%         N/A       99%         4
 Petrify                  Tmut/Erth      0%         N/A       99%         4
 Hydra Form               Tmut           0%         N/A       100%        5
 Lee's Rapid Deconstruct  Erth           0%         3d5*      100%        5
 Metabolic Englaciation   Hex/Ice        0%         N/A       100%        5
 Freezing Cloud           Conj/Ice/Air   0%         6-21      100%        6


Dungeon Overview and Level Annotations

Branches:
Dungeon (13/15)            Temple (1/1) D:4            Lair (6/6) D:9
  Swamp (0/4) Lair:3       Spider (0/4) Lair:3          Orc (0/2) D:10
  Slime: Lair:5-6    Vaults: D:13-14

Altars:
Ashenzari
Cheibriados
Dithmenos
Elyvilon
Fedhas
Gozag
Hepliaklqana
Kikubaaqudgha
Makhleb
Nemelex Xobeh
Okawaru
Qazlal
Ru
Sif Muna
Trog
Uskayaw
Vehumet
Wu Jian
Xom
Yredelemnul
Zin
The Shining One

Shops:
D:3 *   D:4 *

Annotations:
D:5 3 runed translucent doors, leviel's ghost, novice MiFi
D:10 2 runed translucent doors, OTABOTABOTAB's ghost, journeyman GrFi
Lair:1 1 runed translucent door, IdlyInterested's ghost, journeyman DsGl
Lair:6 Sonja


Innate Abilities, Weirdness & Mutations

You are a tree.
Your roots penetrate the ground, keeping you stationary.
You cannot be teleported.
You are immune to unholy pain and torment.
Your maximum health is greatly increased.
Your equipment is partially melded.
((You have a pair of horns on your head.))
((You reflexively headbutt those who attack you in melee.))


Message History

You feel extremely sick. The yak gores you but does no damage.
The cane toad stings you but does no damage.
You block the yak's attack. The cane toad barely misses you.
You block the yak's attack. The yak gores you!
* * * LOW HITPOINT WARNING * * *
You climb upwards.
* * * LOW HITPOINT WARNING * * *
You feel extremely sick.
The bullfrog becomes distracted by the nearby gold, dreaming of imaginary riches.
There is a stone staircase leading down, spattered with blood here. [a] - 230 gold - resistance [b] - 540 gold - lignification, might, resistance and haste [c] - 264 gold - invisibility and might Purchase which effect?
You no longer have enough gold to fund merchants seeking to open stores in the dungeon.
You turn into a tree.
Your +2 cloak melds into your body.
Your +0 pair of boots melds into your body.
Your +1 plate armour melds into your body.
Your roots penetrate the ground.
You feel very mighty all of a sudden.
You feel protected.
You feel yourself speed up.
You feel very sick.
The bullfrog is no longer distracted by gold.
You block the cane toad's attack.
The cane toad stings you but does no damage.
You block the yak's attack. x2; The cane toad stings you.
* * * LOW HITPOINT WARNING * * *
The cane toad stings you but does no damage.
The yak gores you but does no damage. x3
You are too injured to fight recklessly!
Unknown command.
You are too injured to fight recklessly!
You feel better. The cane toad stings you!
* * * LOW HITPOINT WARNING * * *
You block the cane toad's attack.
The yak becomes distracted by the nearby gold, dreaming of imaginary riches.
The yak gores you!
You die...
Your body crumbles into a pile of gold.

#..#.............#.....#.....#
#.................$...##.....##
#...........#..$$$$D........#.#
#.<...P.P...##.$.###........P.#
...........#...$$#####.........
..................# ##.....<...
..........###...F####.h........
#..........#...PF###...........
...............Y♣Y.#.#.........
#.......(...P..F.Y.......).....
...#.PP..........###...###.....
..>[..............##..## .....
#.##.##.....#...####.## .... .8
##.>######...# #.P ..( #..
#..## ... . #.. #P.# ##... ##.
!..P P..


You could see 3 yaks, 2 cane toads and a bullfrog.

Vanquished Creatures
  Jorgrun (D:12)
  4 hydras
  A boulder beetle (D:12)
  A death knight (D:13)
  A centaur warrior (D:12)
  2 two-headed ogres
  Urug (Lair:5)
  A skeletal warrior (D:13)
  2 bog bodies (Lair:3)
  3 ugly things
  2 manticores
  6 elephants (Lair:4)
  4 black mambas
  Joseph (D:7)
  3 gargoyles
  12 cane toads
  An unseen horror (D:11)
  2 freezing wraiths (D:13)
  A rime drake (Lair:5)
  7 komodo dragons
  A jumping spider (Lair:3)
  A troll (D:12)
  A polar bear (Lair:4)
  A meliai (shapeshifter) (D:13)
  5 blink frogs (Lair:1)
  Grinder (D:4)
  Sigmund (D:4)
  4 slime creatures (D:12)
  A meliai zombie (D:10)
  2 wraiths
  A wyvern (D:9)
  18 yaks
  A shadow (D:10)
  5 basilisks
  2 steam dragons
  12 vampire mosquitoes
  14 water moccasins
  A swamp drake (D:9)
  4 orc warriors
  A necrophage (D:6)
  13 wolves
  3 ogres (D:5)
  2 black bears
  10 centaurs
  3 phantoms
  7 bullfrogs
  A gnoll sergeant (D:10)
  3 scorpions
  A kobold brigand (D:9)
  3 wights (D:8)
  15 killer bees
  A howler monkey (D:5)
  A bullfrog zombie (D:6)
  2 jellies (Lair:5)
  7 hounds
  2 bullfrog skeletons
  4 centaur zombies
  3 orc priests
  A gnoll shaman (D:9)
  Natasha (thrice) (D:4)
  9 orc wizards
  2 iguanas (D:6)
  2 killer bee zombies
  26 gnolls
  A howler monkey zombie (D:6)
  7 adders
  3 ufetubi
  An adder skeleton (D:4)
  3 dart slugs
  38 orcs
  5 ball pythons
  10 endoplasms
  3 giant cockroaches
  2 goblins (D:1)
  8 hobgoblins
  21 jackals
  9 kobolds
  6 bats
  2 frilled lizards
  7 rats
383 creatures vanquished.

Vanquished Creatures (collateral kills)
  A two-headed ogre (D:13)
1 creature vanquished.

Vanquished Creatures (others)
  2 wolves (Lair:5)
  21 fungi
  25 plants
48 creatures vanquished.

Grand Total: 432 creatures vanquished

Notes
Turn   | Place    | Note
-------+----------+-------------------------------------------
     0 | D:1      | leviel the Minotaur Fighter began the quest for the Orb.
     0 | D:1      | Reached XP level 1. HP: 19/19 MP: 0/0
    92 | D:1      | Reached XP level 2. HP: 22/27 MP: 1/1
   177 | D:1      | Found a faded altar of an unknown god.
   639 | D:2      | Found a shimmering blue altar of Sif Muna.
   685 | D:2      | Reached XP level 3. HP: 33/33 MP: 2/2
   744 | D:2      | Reached skill level 3 in Axes
  1353 | D:3      | Found a glowing golden altar of the Shining One.
  1586 | D:3      | Found Qubradgho's Assorted Antiques.
  1590 | D:3      | Noticed a phantom
  1602 | D:3      | Killed a phantom
  1603 | D:3      | Reached skill level 4 in Axes
  1603 | D:3      | Reached XP level 4. HP: 20/41 MP: 3/3
  1837 | D:3      | Reached XP level 5. HP: 33/47 MP: 4/4
  2404 | D:4      | Found a sparkling altar of Nemelex Xobeh.
  2441 | D:4      | Noticed a phantom
  2460 | D:4      | Killed a phantom
  2461 | D:4      | Reached skill level 5 in Armour
  2576 | D:4      | Noticed Grinder
  2607 | D:4      | Killed Grinder
  2608 | D:4      | Reached skill level 5 in Fighting
  2608 | D:4      | Reached skill level 5 in Axes
  2608 | D:4      | Reached skill level 5 in Shields
  2608 | D:4      | Reached XP level 6. HP: 28/56 MP: 5/5
  2840 | D:4      | Noticed Sigmund
  2849 | D:4      | Killed Sigmund
  2850 | D:4      | Reached skill level 6 in Axes
  2850 | D:4      | Reached XP level 7. HP: 39/61 MP: 6/6
  2962 | D:4      | Noticed an angel
  2983 | D:4      | Found a staircase to the Ecumenical Temple.
  2994 | Temple   | Entered the Ecumenical Temple
  3200 | Temple   | Became a worshipper of Gozag Ym Sagoz the Greedy
  3232 | D:4      | Noticed a rust devil
  3268 | D:4      | Noticed Natasha
  3275 | D:4      | Killed Natasha
  3317 | D:4      | Noticed Natasha
  3323 | D:4      | Killed Natasha
  3400 | D:4      | Found Harog's Assorted Antiques.
  3486 | D:4      | Found a blossoming altar of Fedhas.
  3584 | D:4      | Noticed Natasha
  3589 | D:4      | Killed Natasha
  3677 | D:5      | Entered Level 5 of the Dungeon
  3845 | D:5      | Reached skill level 7 in Axes
  4030 | D:5      | Reached XP level 8. HP: 70/70 MP: 7/7
  4033 | D:5      | Found a hazy altar of Hepliaklqana.
  4150 | D:5      | Found an opulent altar of Gozag.
  4151 | D:5      | Found a runed translucent gate.
  4151 | D:5      | Found a runed translucent gate.
  4151 | D:5      | Found a runed translucent gate.
  4151 | D:5      | Noticed leviel's ghost (novice MiFi)
  4155 | D:5      | Noticed an eight-headed hydra
  4358 | D:5      | Reached skill level 8 in Axes
  5220 | D:5      | Found a broken altar of Ashenzari.
  6234 | D:6      | Reached skill level 9 in Axes
  6444 | D:6      | Reached XP level 9. HP: 69/79 MP: 8/8
  7532 | D:7      | Noticed Joseph
  7545 | D:7      | Killed Joseph
  7969 | D:7      | Reached skill level 10 in Axes
  8219 | D:7      | Reached XP level 10. HP: 43/90 MP: 9/9
  9023 | D:8      | Found a hide-covered altar of Uskayaw.
  9041 | D:8      | Reached skill level 11 in Axes
 10246 | D:8      | Noticed a manticore
 10254 | D:8      | Killed a manticore
 10583 | D:8      | Noticed a gargoyle
 10592 | D:8      | Killed a gargoyle
 11339 | D:9      | Reached skill level 12 in Axes
 12317 | D:9      | Found a staircase to the Lair.
 12346 | D:9      | Reached XP level 11. HP: 79/99 MP: 10/10
 12448 | D:9      | Reached skill level 10 in Armour
 12925 | D:9      | Reached skill level 10 in Fighting
 13018 | D:9      | Noticed a two-headed ogre
 13023 | D:9      | Killed a two-headed ogre
 13024 | D:9      | Reached skill level 10 in Shields
 13628 | D:10     | Entered Level 10 of the Dungeon
 13747 | D:10     | Found a runed translucent door.
 13749 | D:10     | Found a runed translucent door.
 13765 | D:10     | Noticed a skeletal warrior
 13766 | D:10     | Noticed a skeletal warrior
 13766 | D:10     | Noticed a deep elf pyromancer
 13766 | D:10     | Noticed a frost giant
 13773 | D:10     | Noticed a necromancer
 13774 | D:10     | Noticed a lich
 13774 | D:10     | Noticed OTABOTABOTAB's ghost (journeyman GrFi)
 13876 | D:10     | Found a staircase to the Orcish Mines.
 14212 | D:10     | Reached skill level 13 in Axes
 15129 | D:11     | Identified the +9 dagger of Currency {venom, rElec Dex+3
                  | Stlth+}
 15490 | D:12     | Noticed a boulder beetle
 15492 | D:12     | Noticed a centaur warrior
 16246 | D:12     | Killed a centaur warrior
 16268 | D:12     | Killed a boulder beetle
 16761 | D:12     | Noticed Jorgrun
 16778 | D:12     | Reached skill level 14 in Axes
 16792 | D:12     | Killed Jorgrun
 16793 | D:12     | Reached XP level 12. HP: 34/110 MP: 11/11
 18735 | D:13     | Noticed a two-headed ogre
 18735 | D:13     | Noticed a two-headed ogre
 18752 | D:13     | Killed a two-headed ogre
 18786 | D:13     | Killed a two-headed ogre
 18787 | D:13     | Reached skill level 15 in Axes
 18973 | D:13     | Noticed a death knight
 19213 | D:13     | Killed a death knight
 19817 | Lair:1   | Entered Level 1 of the Lair of Beasts
 20070 | Lair:1   | Found a runed translucent door.
 20070 | Lair:1   | Found a shimmering altar of Xom.
 20070 | Lair:1   | Noticed IdlyInterested's ghost (journeyman DsGl)
 20721 | Lair:1   | Noticed a four-headed hydra
 21741 | Lair:3   | Found a staircase to the Swamp.
 21765 | Lair:3   | Reached XP level 13. HP: 110/118 MP: 12/12
 21890 | Lair:3   | Found a hole to the Spider Nest.
 22136 | Lair:3   | Reached skill level 16 in Axes
 23025 | Lair:2   | Identified the +11 quarterstaff "Kocoh" {antimagic, rPois}
 25600 | Lair:5   | Noticed Urug
 26296 | Lair:5   | Killed Urug
 26334 | Lair:5   | Noticed Sonja
 26442 | Lair:5   | Reached skill level 1 in Polearms
 26466 | Lair:6   | Entered Level 6 of the Lair of Beasts
 26486 | Lair:5   | Slain by a yak

Illustrated notes

Levels and vault maps discovered:
D:1:      dpeg_arrival_snail, layout_basic, hellmonk_ecumenical_altar_lost_god
D:2:      layout_basic, serial_aquarium, aquarium_bridge_island_small
          [aquarium_subvault_small_open, aquarium_subvault_window,
          aquarium_subvault_balcony, aquarium_subvault_bridge,
          aquarium_subvault_bridge], aquarium_window_1, aquarium_window_fake,
          aquarium_window_2, aquarium_window_1, aquarium_view_2a,
          aquarium_view_2f, aquarium_balcony_double_3, aquarium_pool_split,
          basic_altar
D:3:      layout_loops_ring, lemuel_round_altar, serial_shops,
          nicolae_shop_stone, minmay_pentangle
D:4:      layout_basic, general_overflow_altar, overflow_temple_1_default,
          temple_garden, serial_shops, shop_fountains, uniq_sigmund,
          uniq_natasha, uniq_grinder
D:5:      lemuel_castle_with_subvaults [lemuel_castle_interior_carwin_3],
          layout_loops_corners, nicolae_overflow_hidden_temple,
          old_standard_altar, ebering_ghost_gozag
D:6:      kennysheep_steamy, layout_rooms
D:7:      layout_basic, uniq_joseph
D:8:      layout_loops_corners, nicolae_overflow_crystal_walls
D:9:      layout_basic, erik_lair_dragon, hangedman_glass_teeth
D:10:     layout_basic, orc_0_dummy, muffindrake_ghost_dual_entry
D:11:     layout_stronghold
D:12:     layout_gridville, st_stairs_11, uniq_jorgrun
D:13:     layout_basic
Temple:   eino_temple_rhombus
Lair:1:   layout_chaotic_city, ebering_ghost_xom, grunt_megastairs_4
Lair:2:   layout_cave_pods
Lair:3:   layout_roguey, skrybe_swamp_entry_bodies, spider_nest_entry_rubble,
          gauntlet_entry_generic, lemuel_another_geyser, serial_bayou_shore_b
Lair:4:   layout_cave_pods, portal_ice_cave_entry_pillars_1,
          serial_bayou_shore_b
Lair:5:   layout_loops_ring, nicolae_slime_entry_slimehenge, grunt_megastairs_3,
          uniq_urug, uniq_sonja
Lair:6:   cheibrodos_lair_end_hotspot, layout_regular_city,
          nicolae_volcano_entry_s_turn, minmay_lair_oklob_chamber,
          infiniplex_staircase_pool_2

Skill      XL: |  1  2  3  4  5  6  7  8  9 10 11 12 13 |
---------------+----------------------------------------+-----
Armour         | 4 5 6 7 8 9 11 12 13 | 13.5
Shields        | 4 5 6 7 8 9 11 12 13 | 13.4
Fighting       | 4 5 6 7 8 9 11 12 13 | 13.4
Axes           | 4 5 6 7 9 10 12 14 15 16 | 16.0
Polearms       | 2 |  2.1

Action                   |  1- 3 |  4- 6 |  7- 9 | 10-12 | 13-15 || total
-------------------------+-------+-------+-------+-------+-------++-------
Melee: War axe           |   101 |    59 |   322 |   718 |   152 ||  1352
       Headbutt          |     9 |    11 |    65 |   139 |    64 ||   288
       Flail             |       |       |       |       |   108 ||   108
Invok: Potion Petition   |       |       |       |     4 |     1 ||     5
Evoke: Wand              |       |       |     2 |     1 |       ||     3
  Use: Potion            |     1 |     1 |       |     9 |     3 ||    14
       Scroll            |       |       |    10 |    15 |     8 ||    33
 Stab: Distracted        |       |       |     2 |     3 |       ||     5
       Invisible         |       |       |       |     7 |       ||     7
Armor: Scale mail        |    47 |    28 |   120 |    30 |       ||   225
       Plate armour      |       |       |       |   408 |   227 ||   635
       Skin              |       |       |       |       |     5 ||     5
Dodge: Dodged            |    43 |    15 |   140 |   203 |    94 ||   495
Block: Kite shield       |    28 |       |       |       |   118 ||   146
       Buckler           |    11 |    14 |    85 |   190 |    49 ||   349

Table legend: (Time is in decaauts)
 A = Elapsed time spent in this place.
 B = Non-inter-level travel time spent in this place.
 C = Inter-level travel time spent in this place.
 D = Time resting spent in this place.
 E = Time spent auto-exploring this place.
 F = Levels seen in this place.
 G = Mean time per level.
                   A        B        C        D        E       F      G
               +--------+--------+--------+--------+--------+-----+--------+
         Total |  26391 |  25135 |   1256 |   6262 |  15887 |  20 | 1319.6 |
       Dungeon |  20029 |  19153 |    876 |   4796 |  12197 |  13 | 1540.7 |
        Temple |    217 |    180 |     37 |      0 |    179 |   1 |  217.0 |
          Lair |   6144 |   5802 |    342 |   1466 |   3510 |   6 | 1024.0 |
               +--------+--------+--------+--------+--------+-----+--------+

Top non-repeatable levels by time:
     D:9: 2955 daAuts
     D:5: 2376 daAuts
  Lair:4: 2360 daAuts
     D:8: 2134 daAuts
     D:7: 1827 daAuts
    D:13: 1750 daAuts
    D:12: 1635 daAuts
    D:11: 1595 daAuts
  Lair:1: 1374 daAuts
     D:6: 1300 daAuts
     D:4: 1142 daAuts
  Lair:3: 1121 daAuts
  Lair:2: 1078 daAuts
     D:3: 1015 daAuts
    D:10: 941 daAuts
